 Dungeon Crawl Stone Soup version 0.15-a0-2374-gaadabb3 (webtiles) character file.

162 Charly the Ruinous (level 5, -9/28 HPs)
             Began as a Tengu Fire Elementalist on Aug 1, 2014.
             Was an Initiate of Vehumet.
             Mangled by a wraith (12 damage)
             ... on Level 7 of the Dungeon.
             The game lasted 00:21:46 (1520 turns).

Charly the Ruinous (Tengu Fire Elementalist)        Turns: 1520, Time: 00:21:46

HP  -9/28        AC  2     Str  8      XL: 5   Next: 43%
MP   4/11        EV 12     Int 17      God: Vehumet [......]
Gold 151         SH  0     Dex 14      Spells:  3 memorised,  0 levels left

rFire  . . .     SeeInvis .     (no weapon)
rCold  . . .     Clarity  .     a - +0 robe
rNeg   . . .     rCorr    .     (no shield)
rPois  +         rRot     .     (helmet restricted)
rElec  .         Spirit   .     (no cloak)
SustAb .         Warding  .     (no gloves)
rMut   .         Stasis   .     (boots unavailable)
Gourm  .                        (no amulet)
MR     .....                    (no ring)
                                (no ring)

@: very slightly contaminated, slowed, very slow, not resistant to hostile
enchantments, unstealthy
A: able to fly, beak, talons 3, poison resistance
a: Fly, Renounce Religion


You were on level 7 of the Dungeon.
You worshipped Vehumet.
Vehumet was noncommittal.
You were near starving.

You visited 2 branches of the dungeon, and saw 9 of its levels.

You collected 151 gold pieces.

Inventory:

Missiles
 n - 8 poisoned needles
Armour
 a - a +0 robe (worn)
Magical devices
 l - a wand of teleportation (3)
Comestibles
 c - 2 bread rations
 i - 7 fruits
 k - a slice of pizza
Scrolls
 d - 2 scrolls of remove curse {unknown}
 f - a scroll of recharging {unknown}
 g - a scroll of amnesia {unknown}
 m - a scroll of identify
Potions
 j - a potion of poison {unknown}
 o - a potion of brilliance {unknown}
Books
 b - a book of Flames

   Spells                             Type                      Level
   *Flame Tongue                      Conjuration/Fire             1
   Throw Flame                        Conjuration/Fire             2
   *Conjure Flame                     Conjuration/Fire             3
   Inner Flame                        Hexes/Fire                   3
   *Sticky Flame                      Conjuration/Fire             4
   Fireball                           Conjuration/Fire             5


   Skills:
 - Level 2.1 Dodging
 - Level 2.0 Stealth
 - Level 2.0 Spellcasting
 * Level 6.5 Conjurations
 + Level 3.6 Fire Magic


You couldn't memorise any spells.
You knew the following spells:

 Your Spells              Type           Power        Failure   Level  Hunger
c - Conjure Flame         Conj/Fire      ###.....     10%         3    ####...
f - Flame Tongue          Conj/Fire      ###..        2%          1    #......
s - Sticky Flame          Conj/Fire      ###.....     24%         4    #####..


Dungeon Overview and Level Annotations

Branches:
Dungeon (8/15)             Temple (1/1) D:4
   Lair: D:8-11

Altars:
Ashenzari
Cheibriados
Dithmenos
Elyvilon
Fedhas
Gozag
Makhleb
Nemelex Xobeh
Qazlal
Trog
Vehumet
Yredelemnul
The Shining One


Innate Abilities, Weirdness & Mutations

You can fly.
You have a beak for a mouth.
You have claws for feet.
Your system is resistant to poisons.


Message History

The wraith closely misses you.
Casting: Flame Tongue
Confirm with . or Enter, or press ? or * to list all spells.
Aiming: Sticky Flame
Press: ? - help, Shift-Dir - straight line, f - wraith
Aim: a wraith (severely damaged)
The sticky flame hits the wraith.
The wraith is severely damaged.
The wraith closely misses you.
Casting: Sticky Flame
Confirm with . or Enter, or press ? or * to list all spells.
Aiming: Sticky Flame
Press: ? - help, Shift-Dir - straight line, f/p - wraith
Aim: a wraith (severely damaged)
You miscast Sticky Flame.
You are very lightly contaminated with residual magic.
You feel uncomfortably hot.
You are near starving!
The wraith hits you!
You die...

####
#.#.#
#.#.#
#...#
#.#.#
#.#.###
##.#...#
#....#.#
#..<.W@#
#.####.#
# ..#
....
.#..##
..#..#
.# ...#
.... ...


You could see a wraith.

Vanquished Creatures
  2 orc wizards (D:4)
  A worker ant (D:4)
  3 adders
  A worm (D:2)
  An orc skeleton (D:5)
  6 orcs
  6 bats
  A giant cockroach (D:2)
  A gnoll zombie (D:5)
  4 hobgoblins
  3 jackals (D:4)
  A quokka (D:5)
  2 giant newts
  8 goblins
  3 kobolds
  A kobold skeleton (D:4)
44 creatures vanquished.

Notes
Turn   | Place    | Note
--------------------------------------------------------------
     0 | D:1      | Charly, the Tengu Fire Elementalist, began the quest for the Orb.
     0 | D:1      | Reached XP level 1. HP: 10/10 MP: 3/3
   136 | D:1      | Reached XP level 2. HP: 3/15 MP: 0/5
   164 | D:1      | Gained mutation: Your system is resistant to poisons. [potion of beneficial mutation]
   383 | D:2      | Reached XP level 3. HP: 19/19 MP: 5/7
   388 | D:2      | Learned a level 3 spell: Conjure Flame
   435 | D:2      | Reached skill level 4 in Conjurations
   802 | D:4      | Reached skill level 5 in Conjurations
   802 | D:4      | Reached XP level 4. HP: 24/24 MP: 0/8
   861 | D:4      | HP: 1/24 [something/puff of flame (9)]
   863 | D:4      | Reached skill level 6 in Conjurations
  1036 | D:4      | Reached XP level 5. HP: 28/28 MP: 2/11
  1077 | D:4      | Learned a level 4 spell: Sticky Flame
  1094 | D:4      | Found a blossoming altar of Fedhas.
  1107 | D:4      | Found a staircase to the Ecumenical Temple.
  1208 | Temple   | Entered the Ecumenical Temple
  1236 | Temple   | Became a worshipper of Vehumet
  1287 | D:5      | Entered Level 5 of the Dungeon
  1502 | D:8      | Noticed a wraith
  1515 | D:8      | HP: 1/28 [wraith (4)]
  1520 | D:7      | Mangled by a wraith

Action                   |  1- 3 |  4- 6 || total
-------------------------+-------+-------++-------
Melee: Unarmed           |    53 |    29 ||    82
 Cast: Flame Tongue      |    41 |    26 ||    67
       Conjure Flame     |     2 |     3 ||     5
       Sticky Flame      |       |     3 ||     3
Evoke: Wand              |       |     1 ||     1
  Use: Scroll            |     2 |     2 ||     4
       Potion            |     1 |     4 ||     5
 Stab: Sleeping          |     1 |     3 ||     4
  Eat: Chunk             |       |     3 ||     3
